 Dungeon Crawl Stone Soup version 0.27-a0-1595-g0b823d0a13 (webtiles) character file.

Game seed: 6676607727672009977

30 Sin92 the Skirmisher (level 3, 0/29 HPs)
             Began as a Demonspawn Fighter on July 20, 2021.
             Slain by Sigmund (1 damage)
             ... on level 2 of the Dungeon.
             The game lasted 00:00:53 (1006 turns).

Sin92 the Skirmisher (Demonspawn Fighter)           Turns: 1006, Time: 00:00:53

Health: 0/29       AC:  6    Str: 17    XL:     3   Next: 3%
Magic:  3/3        EV:  7    Int:  9    God:
Gold:   24         SH:  0    Dex: 12    Spells: 2/2 levels left

rFire    . . .     SeeInvis .   a - +0 war axe
rCold    . . .     Faith    .   c - +0 kite shield
rNeg     . . .     Spirit   .   b - +0 scale mail
rPois    .         Reflect  .   (no helmet)
rElec    .         Harm     .   (no cloak)
rCorr    .         Rampage  .   (no gloves)
Will     .....                  (no boots)
Stlth    ..........             (no amulet)
HPRegen  0.09/turn              (no ring)
MPRegen  0.08/turn              (no ring)

@: confused, on berserk cooldown, slowed, very slow
A: hooves 1, powered by pain 1
a: no special abilities


You were on level 2 of the Dungeon.
You visited 1 branch of the dungeon, and saw 2 of its levels.

You collected 24 gold pieces.

Inventory:

Hand Weapons
 a - a +0 war axe (weapon)
Armour
 b - a +0 scale mail (worn)
 c - a +0 kite shield (worn)
Jewellery
 j - a ring of resist corrosion
Scrolls
 e - 2 scrolls of identify {unknown}
 f - a scroll of fear {unknown}
 g - a scroll of magic mapping {unknown}
Potions
 d - a potion of might
 h - a potion of berserk rage
 i - a potion of ambrosia {unknown}


   Skills:
 + Level 3.2 Fighting
 * Level 2.3 Axes
 + Level 2.9 Armour
 + Level 0.5 Dodging
 + Level 2.9 Shields


You had 2 spell levels left.
You didn't know any spells.
Your spell library was empty.

Dungeon Overview and Level Annotations

Branches:
Dungeon (2/15)

Altars:
Wu Jian

Annotations:
D:2 Sigmund


Innate Abilities, Weirdness & Mutations

You have large cloven feet.
You sometimes gain a little power by taking damage.


Message History

It was a potion of berserk rage.
A red film seems to cover your vision as you go berserk!
You feel yourself moving faster!
You feel mighty!
You bump into the rock wall.
You feel a strong urge to attack something.
You bump into the rock wall.
You feel your anger nearly subside.
You see here a +0 dagger.
You are no longer berserk.
You are exhausted.
You feel yourself slow down. Sigmund hits you with a +0 scythe.
You bump into the rock wall.
Sigmund barely misses you.
You bump into the rock wall.
Sigmund closely misses you. x2
You bump into the rock wall.
You feel less confused. You block Sigmund's attack.
Unknown command.
You hit Sigmund. You kick Sigmund.
Sigmund is moderately wounded.
You block Sigmund's attack. Sigmund hits you with a +0 scythe.
Sigmund barely misses you.
You slash Sigmund!
Sigmund is severely wounded.
Sigmund closely misses you. Sigmund hits you with a +0 scythe.
You closely miss Sigmund.
Sigmund is severely wounded.
Sigmund barely misses you. You block Sigmund's attack.
Sigmund barely misses you.
Unknown command.
You slash Sigmund! Your kick misses Sigmund.
Sigmund is almost dead.
Sigmund hits you with a +0 scythe! x2
* * * LOW HITPOINT WARNING * * *
You barely miss Sigmund.
Sigmund is almost dead.
Sigmund casts a spell at you.
You are confused.
Sigmund points at you and mumbles some strange words.
You resist with significant effort. Sigmund hits you with a +0 scythe.
You die...

#.. #.# #.. #.#
####.## #.. #.#
#.....# #.# #.#
#.....+.#.# #.#
#.....#.#.# #.#
#.....#.#.# #@#
#.....#.#.. #@#
#....†#.### #)#
#.(...#....
##.#########.......
#..........'.(.....
############.......
#..[# #.......
#.#.# #.......
#.#.# ###.###.
#.#.#########.# #.


You could see Sigmund.

Vanquished Creatures
  A dart slug (D:2)
  3 endoplasms
  2 goblins (D:2)
  3 hobgoblins
  5 jackals
  3 kobolds
  2 ball pythons (D:2)
  2 bats (D:2)
  2 frilled lizards
  A rat (D:1)
24 creatures vanquished.

Notes
Turn   | Place    | Note
-------+----------+-------------------------------------------
     0 | D:1      | Sin92 the Demonspawn Fighter began the quest for the Orb.
     0 | D:1      | Reached XP level 1. HP: 18/18 MP: 1/1
   137 | D:1      | Gained mutation: You sometimes gain a little power by
                  | taking damage. [demonic ancestry]
   137 | D:1      | Reached XP level 2. HP: 6/24 MP: 2/2
   393 | D:1      | Found a faded altar of an unknown god.
   436 | D:1      | You fall into a shaft and drop 1 floor!
   494 | D:2      | Found an ornate altar of the Wu Jian Council.
   981 | D:2      | Gained mutation: You have large cloven feet. [demonic
                  | ancestry]
   981 | D:2      | Reached XP level 3. HP: 29/29 MP: 3/3
   992 | D:2      | Noticed Sigmund
  1005 | D:2      | HP: 1/29 [Sigmund (10)]
  1006 | D:2      | Slain by Sigmund

Illustrated notes

Levels and vault maps discovered:
D:1:      dpeg_arrival_round_b, layout_basic,
          dreamdust_ecumenical_altar_angels_and_demons, serial_shops,
          nicolae_shop_stone
D:2:      layout_basic, basic_altar, serial_shops, shop, minmay_liquid_box,
          uniq_sigmund

Skill      XL: |  1 |
---------------+----+-----
Axes           | 2 |  2.3
Fighting       | |  3.2
Armour         | |  2.9
Dodging        | |  0.5
Shields        | |  2.9

Action                   || total
-------------------------++-------
Melee: War axe           ||    68
       Kick              ||     1
  Use: Potion            ||     1
Armor: Scale mail        ||    30
Dodge: Dodged            ||    27
Block: Kite shield       ||    37

Table legend: (Time is in decaauts)
 A = Elapsed time spent in this place.
 B = Non-inter-level travel time spent in this place.
 C = Inter-level travel time spent in this place.
 D = Time resting spent in this place.
 E = Time spent auto-exploring this place.
 F = Levels seen in this place.
 G = Mean time per level.
                   A        B        C        D        E       F      G
               +--------+--------+--------+--------+--------+-----+--------+
         Total |   1052 |   1052 |      0 |    241 |    616 |   2 |  526.0 |
       Dungeon |   1052 |   1052 |      0 |    241 |    616 |   2 |  526.0 |
               +--------+--------+--------+--------+--------+-----+--------+

Top non-repeatable levels by time:
     D:2: 601 daAuts
     D:1: 450 daAuts
